 Dungeon Crawl Stone Soup version 0.22-a0-558-gc224181 (webtiles) character file.

14559 glosham the Artisan of Death (level 11, -4/84 HPs)
             Began as a Mummy Earth Elementalist on June 26, 2018.
             Was a Priest of Kikubaaqudgha.
             Hit by a javelin thrown by a minotaur (15 damage)
             ... in a labyrinth.
             The game lasted 03:56:01 (12295 turns).

glosham the Artisan of Death (MuEE)                Turns: 12295, Time: 03:56:01

Health: -4/84      AC:  9    Str: 14    XL:     11   Next: 90%
Magic:  9/27       EV: 12    Int: 17    God:    Kikubaaqudgha [***...]
Gold:   470        SH:  0    Dex: 13    Spells: 1/34 levels left

rFire    x . .     SeeInvis .   b - +6 rapier (drain)
rCold    + + .     Gourm    .   (no shield)
rNeg     + + +     Faith    .   X - +2 robe {MR+}
rPois    ∞         Spirit   .   U - +2 hat
rElec    .         Reflect  .   (no cloak)
rCorr    .         Harm     .   V - +2 pair of gloves
MR       ++...                  (no boots)
Stlth    ++........             (no amulet)
HPRegen  0.24/turn              A - +2 ring of strength
MPRegen  0.20/turn              B - ring of protection from cold

@: very slightly contaminated
A: no food or potions, fire vulnerability, cold resistance 1, negative energy
resistance 3, torment resistance, unbreathing
a: Receive Corpses, Renounce Religion


You were in a labyrinth.
You worshipped Kikubaaqudgha.
Kikubaaqudgha was most pleased with you.
You were not hungry.

You visited 3 branches of the dungeon, and saw 14 of its levels.
You also visited: Labyrinth and Bailey.

You collected 1417 gold pieces.
You spent 947 gold pieces at shops.

Inventory:

Hand Weapons
 b - a +6 rapier of draining (weapon)
 c - a +2 shortbow of flaming
 d - a +2 dagger of draining
 e - a +3 scythe
Missiles
 t - 56 stones (quivered)
 u - 175 arrows
 v - 152 sling bullets
 w - 92 bolts
Armour
 D - a +2 robe of cold resistance
 R - the +1 leather armour of Honour {Regen+}
   (You found it in a bailey)

   It increases your rate of regeneration.
 U - a +2 hat (worn)
 V - a +2 pair of gloves (worn)
 X - a +2 robe of magic resistance (worn)
Magical Staves
 a - an uncursed staff of death
 f - an uncursed staff of cold
Jewellery
 A - a +2 ring of strength (left hand)
 B - a ring of protection from cold (right hand)
 C - an uncursed ring of ice
Wands
 g - a wand of digging (20)
 h - a wand of flame (50)
 i - a wand of paralysis (5)
 j - a wand of iceblast (4)
 s - a wand of acid (6)
Scrolls
 k - 3 scrolls of teleportation
 l - 2 scrolls of blinking
 m - 5 scrolls of fog
 o - 6 scrolls of remove curse
 p - 4 scrolls of identify
 q - 4 scrolls of enchant armour
 r - 4 scrolls of amnesia


   Skills:
 * Level 7.0 Fighting
 + Level 4.2 Short Blades
 * Level 2.2 Dodging
 - Level 1.5 Stealth
 * Level 12.4 Spellcasting
 + Level 0.3 Charms
 * Level 12.5 Necromancy
 - Level 0.7 Transmutations
 - Level 4.6 Earth Magic


You had one spell level left.
You knew the following spells:

 Your Spells              Type           Power        Failure   Level  Hunger
o - Ozocubu's Armour      Chrm/Ice       ##......     19%         3    N/A
p - Excruciating Wounds   Chrm/Necr      ####......   13%         5    N/A
u - Dispel Undead         Necr           ######..     1%          5    N/A
v - Vampiric Draining     Necr           ######....   1%          3    N/A
y - Agony                 Necr           ######..     1%          5    N/A
z - Sandblast             Erth           ####..       1%          1    N/A
A - Animate Skeleton      Necr           N/A          1%          1    N/A
D - Death Channel         Necr           ######....   6%          6    N/A
P - Passwall              Tmut/Erth      ###.....     3%          2    N/A
R - Corpse Rot            Necr           N/A          1%          2    N/A

Your spell library contained the following spells:

 Spells                   Type           Power        Failure   Level  Hunger
 Fireball                 Conj/Fire      ##........   88%         5    N/A
 Conjure Flame            Conj/Fire      ##......     21%         3    N/A
 Throw Flame              Conj/Fire      ##....       10%         2    N/A
 Throw Frost              Conj/Ice       ##....       10%         2    N/A
 Pain                     Necr           ####         1%          1    N/A
 Freeze                   Ice            ##..         7%          1    N/A
 Sticky Flame             Conj/Fire      ##......     54%         4    N/A
 Summon Ice Beast         Ice/Summ       ##......     54%         4    N/A
 Stone Arrow              Conj/Erth      ###...       8%          3    N/A
 Throw Icicle             Conj/Ice       ##......     54%         4    N/A
 Flame Tongue             Conj/Fire      ##...        7%          1    N/A
 Lee's Rapid Deconstruct  Erth           ####......   26%         5    N/A
 Simulacrum               Ice/Necr       ####......   61%         6    N/A
 Petrify                  Tmut/Erth      ###.....     22%         4    N/A
 Inner Flame              Hex/Fire       ##......     21%         3    N/A

Dungeon Overview and Level Annotations

Branches:
Dungeon (11/15)            Temple (1/1) D:7            Lair (2/6) D:10
    Orc (0/2) D:10
  Swamp: Lair:2-4    Shoals: Lair:2-4     Snake: Lair:2-4    Spider: Lair:2-4

Altars:
Ashenzari
Cheibriados
Dithmenos
Elyvilon
Fedhas
Gozag
Hepliaklqana
Kikubaaqudgha
Makhleb
Nemelex Xobeh
Okawaru
Qazlal
Ru
Sif Muna
Trog
Uskayaw
Vehumet
Wu Jian
Xom
Yredelemnul
Zin
The Shining One
Beogh

Shops:
D:4 (!%?   D:10 :

Portals:
Trove: D:10 (give +2 gold dragon scales)

Annotations:
D:7 1 runed door, MothsLongingForFire's ghost, novice DsBe
Lair:2 Urug


Innate Abilities, Weirdness & Mutations

You do not eat or drink.
Your flesh is vulnerable to fire.
You are immune to poison.
Your flesh is cold resistant. (rC+)
You are immune to negative energy. (rN+++)
You are immune to unholy pain and torment.
You can survive without breathing.


Message History

Press: ? - help, Shift-Dir - straight line, f/p - minotaur
Aim: a minotaur, wielding a war axe, wearing a plate armour and wearing a blackened sapphire ring (almost dead)
The bolt of acid misses the minotaur.
The minotaur throws a javelin.
The javelin hits you!!
* * * LOW HITPOINT WARNING * * *
Adjust (i)tems, (s)pells, or (a)bilities?
Adjust which ability?
No such ability.
Okay, then.
Evoke which item? (* to show all) (? for menu, Esc to quit)
Aiming: Corrosive Bolt
Press: ? - help, Shift-Dir - straight line, f/p - minotaur
Aim: a minotaur, wielding a war axe, wearing a plate armour and wearing a blackened sapphire ring (almost dead)
The bolt of acid hits the minotaur.
The minotaur is splashed with acid.
The minotaur is almost dead.
Your icy armour cracks and falls away as you move.
Unknown command.
Unknown command.
Unknown command.
Evoke which item? (* to show all) (? for menu, Esc to quit)
Okay, then.
Blink to where?
Press: ? - help, Dir - move target cursor, p - minotaur You are very lightly contaminated with residual magic.
As you read the scroll of blinking, it crumbles to dust.
Casting: Agony (safe; 1% risk of failure)
Confirm with . or Enter, or press ? or * to list all spells.
Aiming: Agony (safe; 1% risk of failure)
Press: ? - help, Shift-Dir - straight line, f - minotaur
Aim: a minotaur, wielding a war axe, wearing a plate armour and wearing a blackened sapphire ring (almost dead, chance to defeat MR: 55%)
The minotaur convulses!
Evoke which item? (* to show all) (? for menu, Esc to quit)
Aiming: Iceblast
Press: ? - help, Shift-Dir - straight line, p - minotaur The mass of ice explodes!
The iceblast engulfs the minotaur.
The minotaur is almost dead.
The minotaur throws a javelin.
The javelin barely misses you.
The minotaur throws a javelin.
The javelin hits you!
You die...
Kikubaaqudgha rasps: "You have failed me!
Welcome... oblivion!"

# # # . ## .. .
. .#.# # ... .
. # ## # .### #
# .. #.#. ..
#.... # #.#...
. ..
#....#########
. #
###.@......H.#
#....########.#
#.#..#. .
..#.#.# # #..#H
##. .# # #.. .#
#.#.# #..#§#
##.# ##. ....
...#.# ..## #
#####. . # .. .
. . #


You could see a minotaur.

Vanquished Creatures
  Gastronok (D:9)
  Fannar (D:10)
  A hydra (D:11)
  A two-headed ogre (D:11)
  An unseen horror (D:10)
  Pikel (D:5)
  2 orc knights
  A cyclops (D:11)
  2 elephants (Lair:1)
  Joseph (D:9)
  A komodo dragon (D:10)
  A hornet (D:7)
  2 hippogriffs
  Sigmund (D:4)
  A spriggan (D:7)
  5 wyverns
  2 wraiths
  Purgy (D:3)
  A swamp drake (D:10)
  3 sky beasts
  4 ice beasts
  2 slaves
  6 ogres
  9 orc warriors
  4 phantoms
  6 centaurs
  4 crocodiles
  A big kobold (D:11)
  8 bullfrogs
  A gnoll sergeant (D:9)
  A howler monkey (D:11)
  6 crimson imps
  3 hounds
  2 jellies
  A centaur skeleton (D:8)
  10 orc priests
  A bullfrog skeleton (D:11)
  13 orc wizards
  8 iguanas
  Terence (D:3)
  6 worker ants
  2 hound skeletons
  A howler monkey skeleton (D:10)
  A worker ant zombie (D:10)
  5 gnolls
  11 adders
  A shadow imp (D:10)
  An ooze (D:3)
  3 adder skeletons
  A worm (D:3)
  3 dart slugs
  3 leopard geckos
  49 orcs
  5 bats
  6 giant cockroaches
  8 goblins
  8 hobgoblins
  5 jackals
  A quokka (D:2)
  A ball python (D:3)
  2 frilled lizards
  22 kobolds
  4 rats
270 creatures vanquished.

Vanquished Creatures (others)
  A plant (Lair:1)
1 creature vanquished.

Grand Total: 271 creatures vanquished

Notes
Turn   | Place    | Note
-------+----------+-------------------------------------------
     0 | D:1      | glosham the Mummy Earth Elementalist began the quest for the Orb.
     0 | D:1      | Reached XP level 1. HP: 13/13 MP: 4/4
   132 | D:1      | Reached skill level 3 in Spellcasting
   266 | D:1      | Reached XP level 2. HP: 18/19 MP: 4/6
   270 | D:1      | Learned a level 2 spell: Passwall
   680 | D:2      | Reached skill level 4 in Spellcasting
   736 | D:2      | Found a faded altar of an unknown god.
   943 | D:2      | Noticed an ogre
  1086 | D:2      | Killed an ogre
  1086 | D:2      | Reached skill level 5 in Spellcasting
  1086 | D:2      | Reached skill level 3 in Earth Magic
  1086 | D:2      | Reached XP level 3. HP: 6/24 MP: 1/10
  1086 | D:2      | Reached XP level 4. HP: 7/30 MP: 1/11
  1335 | D:3      | Noticed Terence
  1427 | D:3      | Noticed Purgy
  1436 | D:3      | Killed Purgy
  1436 | D:3      | Reached skill level 6 in Spellcasting
  1436 | D:3      | Reached XP level 5. HP: 8/35 MP: 2/13
  1693 | D:3      | Reached XP level 6. HP: 41/41 MP: 11/15
  1880 | D:3      | Reached skill level 7 in Spellcasting
  2045 | D:4      | Found Limni's Antique Weapon Emporium.
  2051 | D:4      | Found Laizazuit's Distillery.
  2057 | D:4      | Found Rakualif's Food Emporium.
  2251 | D:4      | Reached skill level 4 in Earth Magic
  2293 | D:4      | Found Wuokkaon's Magic Scroll Shop.
  2312 | D:4      | Found a roughly hewn altar of Beogh.
  2323 | D:4      | Reached XP level 7. HP: 46/46 MP: 12/18
  2422 | D:4      | Reached skill level 8 in Spellcasting
  2607 | D:4      | Noticed Sigmund
  2611 | D:4      | Killed Sigmund
  2732 | D:4      | Reached skill level 9 in Spellcasting
  2817 | D:4      | Bought a glowing rapier for 182 gold pieces
  2974 | D:5      | Entered Level 5 of the Dungeon
  3044 | D:5      | Reached skill level 1 in Fighting
  3049 | D:5      | Reached skill level 2 in Fighting
  3068 | D:5      | Reached skill level 3 in Fighting
  3068 | D:5      | Reached XP level 8. HP: 22/58 MP: 17/21
  3354 | D:5      | Reached skill level 4 in Fighting
  4124 | D:5      | Noticed Pikel
  4136 | D:5      | Killed Pikel
  4136 | D:5      | Reached skill level 4 in Short Blades
  4393 | D:4      | Bought a scroll of enchant weapon for 75 gold pieces
  4527 | D:6      | Reached XP level 9. HP: 67/67 MP: 22/22
  4587 | D:6      | Reached skill level 5 in Fighting
  4587 | D:6      | Reached skill level 10 in Spellcasting
  4888 | D:6      | Found a deep blue altar of Sif Muna.
  5248 | D:7      | Reached skill level 11 in Spellcasting
  5558 | D:7      | Reached skill level 6 in Fighting
  5561 | D:7      | Found a white marble altar of Elyvilon.
  5761 | D:7      | Found a staircase to the Ecumenical Temple.
  5778 | Temple   | Entered the Ecumenical Temple
  5809 | Temple   | Became a worshipper of Kikubaaqudgha
  5912 | D:7      | Found a runed door.
  5912 | D:7      | Found a shimmering altar of Xom.
  5912 | D:7      | Noticed a short sword of chaos
  5912 | D:7      | Noticed MothsLongingForFire's ghost (novice DsBe)
  5983 | D:7      | Reached skill level 12 in Spellcasting
  6073 | D:7      | Learned a level 3 spell: Ozocubu's Armour
  6591 | D:8      | Found an iron altar of Okawaru.
  6601 | D:8      | HP: 7/71 [wyvern (9)]
  6608 | D:8      | Reached skill level 1 in Necromancy
  6608 | D:8      | Reached XP level 10. HP: 8/77 MP: 24/26
  7138 | D:8      | Reached * piety under Kikubaaqudgha
  7138 | D:8      | Identified Kikubaaqudgha's Papyrus of Dark Secrets (Kikubaaqudgha gifted it to you on level 8 of the Dungeon)
  7138 | D:8      | Received a gift from Kikubaaqudgha
  7144 | D:8      | Learned a level 3 spell: Vampiric Draining
  7146 | D:8      | Learned a level 1 spell: Animate Skeleton
  7149 | D:8      | Learned a level 2 spell: Corpse Rot
  7240 | D:9      | Reached skill level 2 in Necromancy
  7328 | D:9      | Reached skill level 3 in Necromancy
  7341 | D:9      | Found a flagged portal.
  7458 | Bailey   | Entered a bailey
  7754 | Bailey   | Noticed an orc knight
  7765 | Bailey   | Killed an orc knight
  7765 | Bailey   | Reached skill level 4 in Necromancy
  7840 | Bailey   | Reached skill level 5 in Necromancy
  7875 | Bailey   | Identified the +6 long sword "Haitoph" {holy, rPois rF- Str+5 Dex+3} (You found it in a bailey)
  7927 | Bailey   | Identified the +1 leather armour of Honour {Regen+} (You found it in a bailey)
  8101 | D:9      | Noticed Joseph
  8124 | D:9      | Killed Joseph
  8124 | D:9      | Reached skill level 6 in Necromancy
  8133 | D:9      | Found a shimmering altar of Xom.
  8137 | D:9      | Found a shimmering altar of Xom.
  8137 | D:9      | Found a shimmering altar of Xom.
  8139 | D:9      | Noticed Gastronok
  8148 | D:9      | Found a shimmering altar of Xom.
  8179 | D:9      | Killed Gastronok
  8179 | D:9      | Reached skill level 8 in Necromancy
  8491 | D:10     | Entered Level 10 of the Dungeon
  8506 | D:10     | Noticed Fannar
  8666 | D:10     | Reached skill level 9 in Necromancy
  8666 | D:10     | Reached XP level 11. HP: 73/83 MP: 18/27
  8717 | D:10     | Killed Fannar
  8894 | D:10     | Killed an unseen horror
  9079 | D:10     | Reached skill level 10 in Necromancy
  9135 | D:10     | Reached ** piety under Kikubaaqudgha
  9228 | D:10     | Found a staircase to the Lair.
  9533 | D:10     | Found a portal to a secret trove of treasure.
  9756 | D:10     | Found Rusaeck's Book Emporium.
  9841 | D:10     | Noticed an orc knight
  9867 | D:10     | Killed an orc knight
  9867 | D:10     | Reached skill level 11 in Necromancy
  9891 | D:10     | Found a staircase to the Orcish Mines.
 10091 | D:3      | Killed Terence
 10157 | D:4      | Bought a scroll of identify for 20 gold pieces
 10157 | D:4      | Bought a scroll of identify for 20 gold pieces
 10157 | D:4      | Bought a scroll of acquirement for 520 gold pieces
 10157 | D:4      | Bought a scroll of identify for 20 gold pieces
 10157 | D:4      | Bought a scroll of fear for 35 gold pieces
 10157 | D:4      | Bought a scroll of enchant armour for 75 gold pieces
 10362 | D:11     | Noticed a two-headed ogre
 10516 | D:11     | Killed a two-headed ogre
 10715 | D:11     | Reached *** piety under Kikubaaqudgha
 10715 | D:11     | Identified Kikubaaqudgha's Catalogue of Unholy Rituals (Kikubaaqudgha gifted it to you on level 11 of the Dungeon)
 10715 | D:11     | Received a gift from Kikubaaqudgha
 10741 | D:11     | Learned a level 5 spell: Dispel Undead
 10747 | D:11     | Learned a level 5 spell: Agony
 11006 | D:11     | Reached skill level 12 in Necromancy
 11288 | D:11     | Noticed a seven-headed hydra
 11293 | D:11     | Killed a seven-headed hydra
 11499 | D:11     | Found a glowing golden altar of the Shining One.
 11508 | D:11     | Learned a level 6 spell: Death Channel
 11517 | D:11     | Learned a level 5 spell: Excruciating Wounds
 11632 | Lair:1   | Entered Level 1 of the Lair of Beasts
 11660 | Lair:1   | Reached skill level 2 in Dodging
 11666 | Lair:1   | HP: 7/83 [elephant (13)]
 11669 | Lair:1   | Reached skill level 7 in Fighting
 11675 | Lair:1   | HP: 8/84 [elephant (1)]
 11678 | Lair:1   | HP: 1/84 [elephant (11)]
 11789 | Lair:2   | Found a labyrinth entrance.
 11801 | Lair:2   | Noticed Urug
 11804 | Lab      | Entered a labyrinth
 12269 | Lab      | Noticed a minotaur
 12276 | Lab      | HP: 7/84 [minotaur/javelin (28)]
 12295 | Lab      | Hit by a javelin thrown by a minotaur

Vault maps used:
D:1:      mainiacjoe_arrival_reflecting_pool, hangedman_decor_diamond_cutter
D:2:      chequers_ecumenical_altar_island
D:3:      kennysheep_big_flooded_room, kennysheep_generic_room_8, uniq_terence,
          uniq_purgy
D:4:      serial_shops, nicolae_shop_statue_plus, shop, shop, kennysheep_mini,
          kennysheep_orc_chapel, uniq_sigmund
D:5:      first_ration, uniq_pikel
D:6:      tgw_sif
D:7:      elyvilon_altar_4, temple_green, ebering_ghost_xom,
          grunt_decor_mini_mirrors, hex_tiny, the_bakery,
          kennysheep_decorative_pillar
D:8:      minmay_misc_feat_x, okawaru_ov_weapons_minmay
D:9:      enter_bailey_2, minmay_crystal_room, xom_redecorated, uniq_joseph,
          uniq_gastronok
D:10:     erik_lair_dragon, erik_orc_2, trove_entry_hex_spiral, serial_shops,
          shop, uniq_fannar
D:11:     tso_altar
Temple:   nicolae_temple_the_god_donut
Lair:1:   grunt_forest_large_clearings
Lair:2:   cheibrodos_lair_river_kwai, gammafunk_ghost_split, special_room,
          lab_entry_generic, grunt_megastairs_3, serial_bayou_shore_b, uniq_urug
Lab:      labyrinth_spiral, nicolae_lab_starburst, nicolae_lab_statue
Bailey:   bailey_axe_4, bailey

Skill      XL: |  1  2  3  4  5  6  7  8  9 10 11 |
---------------+----------------------------------+-----
Spellcasting   | 3 5 6 7 9 12 | 12.4
Earth Magic    | 3 4 |  4.6
Fighting       | 3 4 6 7 |  7.0
Short Blades   | 4 |  4.2
Necromancy     | 1 9 12 | 12.5
Dodging        | 2 |  2.2
Stealth        | |  1.5
Charms         | |  0.3
Transmutations | |  0.7

Action                   |  1- 3 |  4- 6 |  7- 9 | 10-12 || total
-------------------------+-------+-------+-------+-------++-------
Melee: Short sword       |    63 |    19 |       |       ||    82
       Dagger            |     1 |       |       |       ||     1
       Mace              |       |    26 |    66 |       ||    92
       Rapier            |       |       |   321 |   314 ||   635
       Scythe            |       |       |       |     2 ||     2
 Fire: Hunting sling     |       |       |    12 |       ||    12
       Shortbow          |       |       |       |    36 ||    36
 Cast: Sandblast         |     8 |    78 |    53 |    28 ||   167
       Ozocubu's Armour  |       |       |     1 |     6 ||     7
       Vampiric Draining |       |       |       |    70 ||    70
       Corpse Rot        |       |       |       |    11 ||    11
       Agony             |       |       |       |     9 ||     9
       Dispel Undead     |       |       |       |     2 ||     2
       Death Channel     |       |       |       |     1 ||     1
       Excruciating Woun |       |       |       |     1 ||     1
Evoke: Wand              |       |       |     2 |    18 ||    20
       Phantom mirror    |       |       |       |     1 ||     1
  Use: Scroll            |     5 |     2 |     8 |    12 ||    27
 Stab: Sleeping          |     7 |     2 |     4 |     3 ||    16
Armor: Robe              |    17 |    16 |    77 |    97 ||   207
       Leather armour    |       |     2 |    27 |       ||    29
Dodge: Dodged            |    28 |    43 |   216 |   234 ||   521

Table legend:
 A = Spawn XP
 B = Non-spawn XP
 C = Spawn XP percentage of total XP
 D = Spawn monster count
 E = Non-spawn monster count
 F = Spawn count percentage of total count
 G = Total turns spent on level
                    A         B        C        D         E        F      G
               +---------+---------+-------+---------+---------+-------+---------
         Total |       0 |   20799 |   0.0 |       0 |     268 |   0.0 | 12295
               +---------+---------+-------+---------+---------+-------+---------
           D:1 |       0 |      23 |   0.0 |       0 |      12 |   0.0 |   684
           D:2 |       0 |     148 |   0.0 |       0 |      12 |   0.0 |   680
           D:3 |       0 |     352 |   0.0 |       0 |      29 |   0.0 |   740
           D:4 |       0 |     741 |   0.0 |       0 |      19 |   0.0 |  1144
           D:5 |       0 |    1330 |   0.0 |       0 |      18 |   0.0 |  1466
           D:6 |       0 |    1354 |   0.0 |       0 |      22 |   0.0 |  1068
           D:7 |       0 |    1283 |   0.0 |       0 |      19 |   0.0 |   720
           D:8 |       0 |     813 |   0.0 |       0 |      18 |   0.0 |   926
           D:9 |       0 |    3496 |   0.0 |       0 |      15 |   0.0 |  1039
          D:10 |       0 |    5423 |   0.0 |       0 |      42 |   0.0 |  1954
          D:11 |       0 |    3727 |   0.0 |       0 |      32 |   0.0 |   673
        Lair:1 |       0 |    1075 |   0.0 |       0 |       4 |   0.0 |   107
        Bailey |       0 |    1034 |   0.0 |       0 |      26 |   0.0 |   478
               +---------+---------+-------+---------+---------+-------+---------

Table legend:
 A = Turns spent in this place as a percentage of turns spent in the entire game.
 B = Non-inter-level travel turns spent in this place as a percentage of non-inter-level travel turns spent in the entire game.
 C = Inter-level travel turns spent in this place as a percentage of turns spent in this place.
 D = Turns resting spent in this place as a percentage of non-inter-level travel turns spent in this place.
 E = Turns spent auto-exploring this place as a percentage of non-inter-level travel turns spent in this place.
 F = Non-inter-level travel turns spent in this place divided by the number of levels of this place that you've seen.
                   A       B       C       D       E      F
               +-------+-------+-------+-------+-------+----------------------
         Total | 100.0 | 100.0 |  13.2 |  18.8 |   2.2 | 666.9
       Dungeon |  90.2 |  88.7 |  14.6 |  16.1 |   2.4 | 860.9
        Temple |   0.5 |   0.6 |   0.0 |   0.0 |   0.0 |  60.0
          Lair |   1.4 |   1.6 |   0.0 |   0.0 |   0.0 |  86.0
     Labyrinth |   4.0 |   4.6 |   0.0 |  53.8 |   0.0 | 491.0
        Bailey |   3.9 |   4.5 |   0.0 |  44.8 |   0.0 | 478.0
               +-------+-------+-------+-------+-------+----------------------

Table legend:
 A = Kills in this place as a percentage of kills in entire the game.
 B = Kills by you in this place as a percentage of kills by you in the entire game.
 C = Kills by friends in this place as a percentage of kills by friends in the entire game.
 D = Other kills in this place as a percentage of other kills in the entire game.
 E = Experience gained in this place as a percentage of experience gained in the entire game.
 F = Experience gained in this place divided by the number of levels of this place that you have seen.
                   A       B       C       D       E      F
               +-------+-------+-------+-------+-------+----------------------
         Total | 100.0 | 100.0 |   N/A |   N/A | 100.0 | 1299.9
       Dungeon |  88.8 |  88.8 |   N/A |   N/A |  89.9 | 1699.1
          Lair |   1.5 |   1.5 |   N/A |   N/A |   5.2 | 537.5
        Bailey |   9.7 |   9.7 |   N/A |   N/A |   5.0 | 1034.0
               +-------+-------+-------+-------+-------+----------------------

Vault maps used:
D:1:      mainiacjoe_arrival_reflecting_pool, hangedman_decor_diamond_cutter
D:2:      chequers_ecumenical_altar_island
D:3:      kennysheep_big_flooded_room, kennysheep_generic_room_8, uniq_terence,
          uniq_purgy
D:4:      serial_shops, nicolae_shop_statue_plus, shop, shop, kennysheep_mini,
          kennysheep_orc_chapel, uniq_sigmund
D:5:      first_ration, uniq_pikel
D:6:      tgw_sif
D:7:      elyvilon_altar_4, temple_green, ebering_ghost_xom,
          grunt_decor_mini_mirrors, hex_tiny, the_bakery,
          kennysheep_decorative_pillar
D:8:      minmay_misc_feat_x, okawaru_ov_weapons_minmay
D:9:      enter_bailey_2, minmay_crystal_room, xom_redecorated, uniq_joseph,
          uniq_gastronok
D:10:     erik_lair_dragon, erik_orc_2, trove_entry_hex_spiral, serial_shops,
          shop, uniq_fannar
D:11:     tso_altar
Temple:   nicolae_temple_the_god_donut
Lair:1:   grunt_forest_large_clearings
Lair:2:   cheibrodos_lair_river_kwai, gammafunk_ghost_split, special_room,
          lab_entry_generic, grunt_megastairs_3, serial_bayou_shore_b, uniq_urug
Lab:      labyrinth_spiral, nicolae_lab_starburst, nicolae_lab_statue
Bailey:   bailey_axe_4, bailey
